 Dungeon Crawl Stone Soup version 0.20-a0-210-gd6c29eb (webtiles) character file.

227 Yakui the Poker (level 6, 0/47 HPs)
             Began as a Merfolk Gladiator on Nov 26, 2016.
             Was an Initiate of Okawaru.
             Slain by a quasit (2 damage)
             ... summoned by Eustachio
             ... on level 4 of the Dungeon.
             The game lasted 00:08:10 (3395 turns).

Yakui the Poker (Merfolk Gladiator)                 Turns: 3395, Time: 00:08:11

Health: 0/47       AC:  5    Str: 20      XL:     6   Next: 2%
Magic:  7/7        EV: 15    Int:  8      God:    Okawaru [......]
Gold:   172        SH:  0    Dex: 15 (16) Spells: 5/5 levels left

rFire  . . .     SeeInvis .     i - +0 spear (vamp)
rCold  . . .     Gourm    .     b - +0 leather armour
rNeg   . . .     Faith    .     (no shield)
rPois  .         Spirit   .     c - +1 helmet
rElec  .         Reflect  .     (no cloak)
rCorr  .         Harm     .     (no gloves)
MR     .....                    (no boots)
Stlth  ++........               v - amulet of magic regeneration
                                x - ring of wizardry
                                l - ring of flight

@: mighty
A: change form in water, swift swim, stealthy swim
a: Renounce Religion, Evoke Flight


You were on level 4 of the Dungeon.
You worshipped Okawaru.
Okawaru was noncommittal.
You were hungry.

You visited 1 branch of the dungeon, and saw 4 of its levels.

You collected 172 gold pieces.


   Skills:
 + Level 3.5 Fighting
 + Level 5.9 Polearms
 - Level 2.0 Throwing
 + Level 5.4 Dodging
 + Level 2.1 Stealth
 + Level 1.4 Invocations
 + Level 1.4 Evocations


You had 5 spell levels left.
You didn't know any spells.

Inventory:

Hand Weapons
 i - a +0 vampiric spear (weapon)
Missiles
 d - 3 throwing nets {=f}
 e - 6 curare-tipped needles {=f}
Armour
 b - a +0 leather armour (worn)
 c - a +1 helmet (worn)
Jewellery
 l - a ring of flight (left hand)
 v - an amulet of magic regeneration (around neck)
 x - a ring of wizardry (right hand)
Scrolls
 n - a scroll of remove curse
Potions
 k - 2 potions of flight {unknown}
 m - 3 potions of curing {unknown}
 q - 2 potions of cancellation {unknown}
 z - a potion of cure mutation
 A - a potion of heal wounds {@q2}
Comestibles
 a - a royal jelly
 j - 2 meat rations

Dungeon Overview and Level Annotations

Branches:
Dungeon (4/15)
 Temple: D:4-7

Altars:
Okawaru

Annotations:
D:4 Eustachio

..... ▒...▒▒▒...▒▒...▒
.....▒▒▒▒...▒▒▒▒▒▒▒▒...▒
.......................▒
.......................▒
........>........!.....▒
.............▒▒...▒▒...▒
...▒▒▒▒.▒▒...▒▒▒'▒▒▒...▒
...▒▒▒▒.▒▒...▒▒b...▒...▒
....'....#....5.m..+.>.▒
....▒.........5b5..▒...▒
....▒..........b...▒ .▒
....▒.........##...▒
...▒▒...▒▒▒▒.▒▒▒▒.▒▒
'▒▒▒▒...▒▒▒▒.▒▒▒ .▒
....▒......▒...▒ ..
....'......▒...▒ ...
....▒......▒...▒ ....


You could see 2 quasits, a shadow imp and 3 bats.


Message History

Eustachio blinks!
The bat misses you. The quasit misses you.
The quasit claws you but does no damage.
The quasit barely misses you.
The iron imp summons a swarm of flies.
The iron imp completely misses you. The bat misses you.
The bat closely misses you. The shadow imp hits you.
* * * LOW HITPOINT WARNING * * *
The bat hits you but does no damage. The quasit barely misses you. x2
The quasit claws you but does no damage.
You miss the bat. The bat hits you.
* * * LOW HITPOINT WARNING * * *
The bat hits you but does no damage. The quasit bites you.
* * * LOW HITPOINT WARNING * * *
You feel clumsy. The quasit completely misses you.
The quasit claws you but does no damage.
The shadow imp closely misses you.
The quasit bites you but does no damage.
The quasit closely misses you. x2
Eustachio mumbles some strange words.
Eustachio blinks!
The bat hits you but does no damage. The bat misses you.
The quasit bites you but does no damage.
The quasit claws you but does no damage.
The quasit closely misses you. The shadow imp hits you.
* * * LOW HITPOINT WARNING * * *
The bat closely misses you. The bat barely misses you.
The bat closely misses you. x3
The quasit bites you.
You die...

Action                   |  1- 3 |  4- 6 || total
-------------------------+-------+-------++-------
Melee: Spear             |   162 |   293 ||   455
       Trident           |    14 |       ||    14
  Use: Scroll            |       |    11 ||    11
       Potion            |       |     1 ||     1
 Stab: Sleeping          |     3 |     9 ||    12
       Distracted        |       |     1 ||     1
  Eat: Bread ration      |     1 |       ||     1
       Chunk             |     2 |     6 ||     8
Armor: Leather armour    |    20 |    60 ||    80
Dodge: Dodged            |   103 |   204 ||   307

Vault maps used:
D:1:      nagdon_arrival_zigzag_paths, okawaru_ov_weapons_minmay
D:3:      uniq_robin
D:4:      glass_columns_a, minmay_a_box_with_orc_wizards_in_it, uniq_eustachio,
          uniq_duvessa

Notes
Turn   | Place    | Note
-------+----------+-------------------------------------------
     0 | D:1      | Yakui the Merfolk Gladiator began the quest for the Orb.
     0 | D:1      | Reached XP level 1. HP: 16/16 MP: 1/1
   170 | D:1      | Found an iron altar of Okawaru.
   208 | D:1      | Became a worshipper of Warmaster Okawaru
   269 | D:1      | Reached XP level 2. HP: 18/23 MP: 2/2
   623 | D:1      | Reached XP level 3. HP: 28/28 MP: 3/3
   909 | D:2      | Reached skill level 5 in Polearms
   909 | D:2      | Reached skill level 1 in Stealth
   994 | D:2      | Reached skill level 3 in Fighting
  1403 | D:2      | Reached XP level 4. HP: 22/35 MP: 4/4
  1895 | D:3      | Reached skill level 5 in Dodging
  2059 | D:3      | Reached XP level 5. HP: 41/41 MP: 5/5
  2454 | D:3      | Noticed Robin
  2490 | D:3      | Reached skill level 1 in Evocations
  2499 | D:3      | Killed Robin
  3101 | D:3      | Reached skill level 1 in Invocations
  3181 | D:4      | Reached skill level 2 in Stealth
  3340 | D:4      | Reached XP level 6. HP: 42/47 MP: 5/7
  3342 | D:4      | Noticed Eustachio
  3394 | D:4      | HP: 2/47 [shadow imp[Eustachio] (3)]
  3395 | D:4      | Slain by a quasit

Vanquished Creatures
  A hound (D:4)
  Robin (D:3)
  4 adders
  4 gnolls (D:3)
  An ooze (D:1)
  2 worms
  A dart slug (D:2)
  3 leopard geckos
  3 orcs (D:3)
  4 giant cockroaches
  15 goblins
  16 hobgoblins
  8 jackals
  6 kobolds
  4 quokkas
  2 ball pythons
  6 bats
  6 rats
87 creatures vanquished.
